 Dungeon Crawl Stone Soup version 0.27.1-37-g7b29ead8ac (webtiles) character file.

Game seed: 14886852631370455252

213 cbfl8 the Chopper (level 5, -2/47 HPs)
             Began as a Minotaur Fighter on May 3, 2023.
             Slain by a gnoll (7 damage)
             ... on level 2 of the Dungeon.
             The game lasted 00:02:11 (2350 turns).

cbfl8 the Chopper (Minotaur Fighter)                Turns: 2350, Time: 00:02:12

Health: -2/47      AC:  7    Str: 20 (21) XL:     5   Next: 59%
Magic:  4/4        EV:  8    Int:  3 (5)  God:
Gold:   145        SH:  9    Dex:  9 (10) Spells: 4/4 levels left

rFire    . . .     SeeInvis .   a - +0 war axe
rCold    . . .     Faith    .   c - +0 kite shield
rNeg     . . .     Spirit   .   b - +0 scale mail
rPois    .         Reflect  .   (helmet restricted)
rElec    .         Harm     .   (no cloak)
rCorr    .         Rampage  .   (no gloves)
Will     .....                  (no boots)
Stlth    ..........             (no amulet)
HPRegen  0.15/turn              (no ring)
MPRegen  0.09/turn              (no ring)

@: flying
A: horns 2, retaliatory headbutt
a: no special abilities


You were on level 2 of the Dungeon.
You visited 1 branch of the dungeon, and saw 3 of its levels.

You collected 145 gold pieces.

Inventory:

Hand Weapons
 a - a +0 war axe (weapon)
Armour
 b - a +0 scale mail (worn)
 c - a +0 kite shield (worn)
Jewellery
 o - an amulet of reflection
Scrolls
 f - 2 scrolls of fear {unknown}
 g - a scroll of magic mapping {unknown}
 h - 2 scrolls of identify {unknown}
 i - a scroll of summoning {unknown}
 k - a scroll of teleportation {unknown}
 l - a scroll of silence {unknown}
 m - a scroll of holy word {unknown}
Potions
 d - a potion of might
 e - a potion of degeneration
 n - a potion of mutation {unknown}
 p - a potion of lignification {unknown}


   Skills:
 + Level 4.4 Fighting
 + Level 5.0 Axes
 + Level 4.4 Armour
 + Level 1.8 Dodging
 + Level 4.4 Shields


You had 4 spell levels left.
You didn't know any spells.
Your spell library contained the following spells:

 Spells                   Type           Power      Damage    Failure   Level
 Apportation              Tloc           0%         N/A       100%        1
 Stone Arrow              Conj/Erth      0%         3d7       100%        3
 Alistair's Intoxication  Tmut/Pois      0%         N/A       100%        5
 Bolt of Magma            Conj/Fire/Erth 0%         4d4       100%        5
 Invisibility             Hex            0%         N/A       100%        6
 Shatter                  Erth           0%         3d5*      100%        9


Dungeon Overview and Level Annotations

Branches:
Dungeon (3/15)

Altars:


Innate Abilities, Weirdness & Mutations

You have a pair of horns on your head.
You reflexively headbutt those who attack you in melee.


Message History

Things that are here:
a +0 whip; a +0 robe; a gnoll skeleton
There is a stone staircase leading down here.
You climb downwards.
The gnoll hits you with a +0 club. You block the gnoll's attack.
You block the ball python's attack. x2
There is a stone staircase leading up, spattered with blood here.
The ball python closely misses you. The ball python grabs you.
You stop ascending the stairs.
The ball python constricts you. The gnoll hits you but does no damage.
The ball python bites you.
Unknown command.
You barely miss the ball python. You closely miss the gnoll.
You hit the ball python. The ball python bites you.
The ball python constricts you.
The gnoll hits you from afar with a +0 halberd.
The ball python bites you. You block the gnoll's attack.
The ball python bites you. The ball python constricts you.
The gnoll hits you from afar with a +0 halberd!
You block the ball python's attack.
You slash the ball python!
You kill the ball python!
You closely miss the gnoll. You hit the ball python.
You kill the ball python!
The gnoll hits you with a +0 club. The gnoll misses you.
The gnoll barely misses you. The gnoll hits you with a +0 club.
Your Axes skill increases to level 5!
You are too injured to fight recklessly!
The gnoll hits you from afar with a +0 halberd!
* * * LOW HITPOINT WARNING * * *
You block the gnoll's attack. The gnoll hits you with a +0 club.
* * * LOW HITPOINT WARNING * * *
You climb upwards.
There is a stone staircase leading down here.
It was a potion of degeneration.
There was something very wrong with that liquid.
You feel weakened.
You feel dopey.
You feel clumsy. You block the gnoll's attack.
It was a potion of flight.
You feel very buoyant.
You fly up into the air.
The gnoll hits you with a +0 club!
You die...

#......#.....#.##....####
#...##.......#..#.#.....#
#...##.#..........#..##.##
#...............#........#
#...#.###.........#...#######
................###.........#
.....##...#...<.......####.##
+###.##....#########.#####.#
....)..........[@g.........#
...#.####...###..###.#######
...#........# #..#...#
+##########.###.....##
.##########..##.##.##
.'........#.....##.#
.########.##..#.####
..........##....####
...................#


You could see a gnoll.

Vanquished Creatures
  A jelly (D:3)
  A centaur skeleton (D:3)
  A gnoll shaman (D:2)
  4 gnolls
  2 adders
  11 ball pythons
  4 endoplasms
  2 giant cockroaches (D:1)
  9 hobgoblins
  6 jackals
  8 kobolds
  5 bats
  4 frilled lizards
  4 goblins
  9 rats
71 creatures vanquished.

Vanquished Creatures (others)
  A plant (D:1)
1 creature vanquished.

Grand Total: 72 creatures vanquished

Notes
Turn   | Place    | Note
-------+----------+-------------------------------------------
     0 | D:1      | cbfl8 the Minotaur Fighter began the quest for the Orb.
     0 | D:1      | Reached XP level 1. HP: 19/19 MP: 0/0
   263 | D:1      | Reached XP level 2. HP: 19/27 MP: 1/1
   691 | D:1      | Reached XP level 3. HP: 32/33 MP: 2/2
   957 | D:2      | Reached skill level 3 in Axes
  1204 | D:2      | Reached XP level 4. HP: 37/40 MP: 3/3
  1687 | D:3      | Reached skill level 4 in Axes
  1855 | D:3      | Reached skill level 1 in Dodging
  1855 | D:3      | Reached XP level 5. HP: 34/46 MP: 4/4
  2347 | D:3      | Reached skill level 5 in Axes
  2350 | D:2      | Slain by a gnoll

Illustrated notes

Levels and vault maps discovered:
D:1:      kennysheep_arrival_seaside, layout_loops_ring,
          hangedman_decor_riveting
D:2:      layout_basic
D:3:      layout_basic, mainiacjoe_overflow_boulevard

Skill      XL: |  1  2  3  4  5 |
---------------+----------------+-----
Shields        | 4 |  4.4
Fighting       | 4 |  4.4
Armour         | 4 |  4.4
Axes           | 3 4 5 |  5.0
Dodging        | 1 |  1.8

Action                   |  1- 3 |  4- 6 || total
-------------------------+-------+-------++-------
Melee: War axe           |    73 |    60 ||   133
       Headbutt          |    16 |    10 ||    26
  Use: Potion            |       |     2 ||     2
Armor: Scale mail        |    41 |    27 ||    68
Dodge: Dodged            |    19 |    27 ||    46
Block: Kite shield       |    44 |    38 ||    82
